 Dungeon Crawl Stone Soup version 0.27-a0-1189-gb8eb6cee8e (webtiles) character file.

Game seed: 12705476585035103237

263 wakim the Shield-Bearer (level 6, -4/45 HPs)
             Began as a Djinni Air Elementalist on May 23, 2021.
             Killed from afar by an orc wizard (5 damage)
             ... with a magic dart
             ... on level 3 of the Dungeon.
             The game lasted 00:08:41 (3310 turns).

wakim the Shield-Bearer (Djinni Air Elementalist)   Turns: 3310, Time: 00:08:42

Health: -4/45      AC:  2    Str:  7    XL:     6   Next: 43%
Gold:   41         EV: 12    Int: 19    God:
                   SH:  6    Dex: 13

rFire    + + .     SeeInvis .   a - +0 short sword
rCold    x . .     Faith    .   f - +1 buckler
rNeg     . . .     Spirit   .   k - +0 robe
rPois    ∞         Reflect  .   (no helmet)
rElec    .         Harm     .   (no cloak)
rCorr    .         Rampage  .   (no gloves)
Will     .....                  (boots unavailable)
Stlth    ++........             (no amulet)
HPRegen  0.15/turn              (no ring)
MPRegen  0.00/turn              (no ring)

@: flying
A: sickness immunity, fire resistance 2, cold vulnerability 1, float, innate
caster, hp casting, extra vitality 1
a: no special abilities


You were on level 3 of the Dungeon.
You visited 1 branch of the dungeon, and saw 3 of its levels.

You collected 41 gold pieces.

Inventory:

Hand Weapons
 a - a +0 short sword (weapon)
Armour
 f - a +1 buckler (worn)
 k - a +0 robe (worn)
Scrolls
 g - 2 scrolls of enchant weapon
 T - a scroll of teleportation
Potions
 b - a potion of magic {unknown}
 j - a potion of attraction {unknown}


   Skills:
 + Level 2.7 Fighting
 - Level 2.1 Dodging
 - Level 1.5 Stealth
 - Level 4.0 Shields
 + Level 3.3 Spellcasting


You couldn't memorise any spells.
You knew the following spells:

 Your Spells              Type           Power      Damage    Failure   Level
a - Shock                 Conj/Air       60%        1d6       3%          1
b - Airstrike             Air            7%         N/A       36%         4
c - Lightning Bolt        Conj/Air       7%         1d20      71%         5
d - Static Discharge      Conj/Air       15%        N/A       5%          2
e - Sting                 Tmut/Pois      60%        1d6       3%          1
s - Swiftness             Air            15%        N/A       11%         3
x - Poisonous Vapours     Pois/Air       30%        N/A       5%          2
Your spell library was empty.

Dungeon Overview and Level Annotations

Branches:
Dungeon (3/15)

Altars:
Sif Muna
Wu Jian

Shops:
D:3 ((


Innate Abilities, Weirdness & Mutations

You are immune to sickness and miasma.
You are immune to poison.
Your flesh is very heat resistant. (rF++)
You are vulnerable to cold. (rC-)
You float through the air rather than walking.
You learn spells naturally, not from books.
Your magical power is your life essence.
You have superior vitality. (+4 HP)


Message History

You bump into the rock wall.
Something hits you.
* * * LOW HITPOINT WARNING * * *
You closely miss something. Something hits you.
* * * LOW HITPOINT WARNING * * *
You feel less confused.
Casting: Shock (safe; 3% risk of failure)
Confirm with . or Enter, or press ? or * to list all spells.
Aiming: Shock (safe; 3% risk of failure)
Press: ? - help, Shift-Dir - straight line, p - orc The zap hits the orc.
You kill the orc!
The zap hits something.
* * * LOW HITPOINT WARNING * * *
Something hits you.
* * * LOW HITPOINT WARNING * * *
Casting: Shock (safe; 3% risk of failure)
Confirm with . or Enter, or press ? or * to list all spells.
Aiming: Shock (safe; 3% risk of failure)
Press: ? - help, Shift-Dir - straight line The zap hits something. x2
* * * LOW HITPOINT WARNING * * *
Something hits you.
* * * LOW HITPOINT WARNING * * *
Casting: Shock (safe; 3% risk of failure)
Confirm with . or Enter, or press ? or * to list all spells.
Aiming: Shock (safe; 3% risk of failure)
Press: ? - help, Shift-Dir - straight line The zap hits something.
* * * LOW HITPOINT WARNING * * *
Something hits you.
* * * LOW HITPOINT WARNING * * *
Casting: Shock (safe; 3% risk of failure)
Confirm with . or Enter, or press ? or * to list all spells.
Aiming: Shock (safe; 3% risk of failure)
Press: ? - help, Shift-Dir - straight line
* * * LOW HITPOINT WARNING * * *
You hear some strange, mumbled words.
A magic dart appears from out of thin air!
The magic dart hits you.
You die...

# #.#...#####.# #
#...........# # #...######..#
#.#.# #..# ###.#.### #..#
#....∩..# #..# #...#.#.## #..#
#........# #..#### #.....##.#
#.@{).## ##...###.###.†###.###
##.>.........# #...# ###
#>####.###..###.#.# #.####.#
#.# #.#...##.# .......# #.#
#.##.###)# #......#
##.###.##.###)#######
......####...##.##...........#
.............†.............#.#


There were no monsters in sight!

Vanquished Creatures
  A black bear (D:2)
  An orc priest (D:3)
  Natasha (thrice) (D:2)
  A worm (D:2)
  2 orcs (D:3)
  5 bats
  4 endoplasms (D:1)
  3 goblins
  9 jackals
  7 kobolds
  6 quokkas
  5 ball pythons
  4 frilled lizards
  10 rats
61 creatures vanquished.

Notes
Turn   | Place    | Note
-------+----------+-------------------------------------------
     0 | D:1      | wakim the Djinni Air Elementalist began the quest for the
                  | Orb.
     0 | D:1      | Reached XP level 1. HP: 15/15 MP: 0/0
   335 | D:1      | Reached skill level 1 in Shields
   335 | D:1      | Reached XP level 2. HP: 20/22 MP: 0/0
   818 | D:1      | Reached XP level 3. HP: 23/26 MP: 0/0
   818 | D:1      | Learned a level 1 spell: Sting
   820 | D:1      | Reached skill level 1 in Fighting
  1497 | D:2      | Noticed Natasha
  1501 | D:2      | Killed Natasha
  1502 | D:2      | Reached skill level 2 in Shields
  1502 | D:2      | Reached XP level 4. HP: 12/32 MP: 0/0
  1703 | D:2      | Noticed Natasha
  1708 | D:2      | Killed Natasha
  2023 | D:2      | Reached XP level 5. HP: 37/38 MP: 0/0
  2023 | D:2      | Learned a level 2 spell: Poisonous Vapours
  2193 | D:2      | Noticed a black bear
  2217 | D:2      | Killed a black bear
  2218 | D:2      | Reached skill level 3 in Shields
  2218 | D:2      | Reached XP level 6. HP: 28/45 MP: 0/0
  2553 | D:2      | Noticed Natasha
  2557 | D:2      | Killed Natasha
  3117 | D:3      | Found Westrokei's Antique Weapon Boutique.
  3213 | D:3      | Found Maalir's Weapon Emporium.
  3279 | D:3      | Found an ornate altar of the Wu Jian Council.
  3294 | D:3      | Reached skill level 4 in Shields
  3309 | D:3      | HP: 2/45 [something (1)]
  3310 | D:3      | Killed from afar by an orc wizard

Illustrated notes

Levels and vault maps discovered:
D:1:      minmay_arrival_diagonal_passages, layout_loops_ring,
          minmay_misc_feat_doors
D:2:      layout_basic, uniq_natasha
D:3:      layout_loops_ring, lemuel_round_altar, grunt_temple_overflow_open,
          serial_shops, shop, shop, shop, nicolae_shop_crystal,
          kennysheep_generic_room_11

Skill      XL: |  1  2  3  4  5  6 |
---------------+-------------------+-----
Shields        | 1 2 3 4 |  4.0
Fighting       | 1 2 |  2.7
Spellcasting   | 3 |  3.3
Dodging        | |  2.1
Stealth        | |  1.5

Action                   |  1- 3 |  4- 6 || total
-------------------------+-------+-------++-------
Melee: Short sword       |       |     1 ||     1
 Cast: Shock             |    55 |    60 ||   115
       Static Discharge  |     4 |     1 ||     5
       Poisonous Vapours |       |     5 ||     5
       Sting             |       |     2 ||     2
  Use: Scroll            |       |     8 ||     8
Armor: Robe              |     3 |     3 ||     6
Dodge: Dodged            |     1 |     6 ||     7
Block: Buckler           |     2 |     5 ||     7

Table legend: (Time is in decaauts)
 A = Elapsed time spent in this place.
 B = Non-inter-level travel time spent in this place.
 C = Inter-level travel time spent in this place.
 D = Time resting spent in this place.
 E = Time spent auto-exploring this place.
 F = Levels seen in this place.
 G = Mean time per level.
                   A        B        C        D        E       F      G
               +--------+--------+--------+--------+--------+-----+--------+
         Total |   3309 |   3224 |     85 |      0 |   2909 |   3 | 1103.0 |
       Dungeon |   3309 |   3224 |     85 |      0 |   2909 |   3 | 1103.0 |
               +--------+--------+--------+--------+--------+-----+--------+

Top non-repeatable levels by time:
     D:2: 1551 daAuts
     D:1: 1497 daAuts
     D:3: 260 daAuts
